Map: Pillars of Gold LE

Players

ByuN - Winner!

  • Race: Terran Terran
  • Spawn Location: 1:00

Cyan

  • Race: Protoss Protoss
  • Spawn Location: 7:00

Event: IEM Katowice 2021

VOD

Have the link to the VOD?

Description

Time

  • Played on: Feb. 20, 2021, 1:59 p.m.
  • Length: 16:13

All games in this series

Show
View Real Time Build Order
Export as new Build Order

ByuN Terran - Winner!

Build Orders: Reaper Expand 

Get SALT Encoding   

  12  0:00  SCV  
  13  0:12  SCV  
  14  0:17  Supply Depot  
  14  0:24  SCV  
  15  0:39  SCV  
  15  0:40  Barracks  
  16  0:44  Refinery  
  16  0:51  SCV  
  17  1:03  SCV  
  18  1:15  SCV  
  19  1:28  Reaper  
  19  1:29  Orbital Command  
  20  1:44  Command Center  
  20  1:53  Supply Depot  
  20  1:55  SCV  
  20  1:59  Marine  
  22  2:07  SCV  
  23  2:11  Factory  
  23  2:20  SCV  
  25  2:23  Barracks Reactor  
  25  2:28  Refinery  
  24  2:32  SCV  
  25  2:44  SCV  
  26  2:56  SCV, Starport  
  29  3:00  Widow Mine, Marine x2  
  29  3:01  Orbital Command  
  31  3:08  SCV  
  32  3:17  Marine  
  32  3:18  Marine  
  34  3:21  SCV, Supply Depot, Widow Mine  
  37  3:31  SCV  
  37  3:33  Medivac, SCV  
  41  3:37  Marine x2  
  43  3:43  Widow Mine  
  43  3:46  Supply Depot  
  43  3:47  SCV  
  43  3:48  SCV  
  47  3:55  Marine  
  48  3:56  Marine  
  48  3:59  SCV  
  48  4:00  SCV  
  50  4:04  Starport Tech Lab, Factory Tech Lab  
  50  4:09  Supply Depot  
  50  4:11  SCV  
  50  4:12  SCV, Marine  
  53  4:19  Barracks  
  53  4:20  Barracks  
  53  4:23  SCV  
  54  4:24  SCV  
  54  4:25  Engineering Bay  
  54  4:29  Marine  
  54  4:30  Marine  
  57  4:35  Bunker  
  57  4:37  SCV x2  
  59  4:46  Supply Depot  
  59  4:49  SCV x2  
  61  4:54  Terran Infantry Weapons Level 1, Missile Turret  
  61  4:59  Stimpack, Marine  
  62  5:01  SCV x2  
  62  5:04  Starport Reactor, Factory Reactor  
  64  5:08  Refinery  
  64  5:13  SCV x2  
  66  5:15  Missile Turret  
  66  5:20  Marauder x2, Supply Depot  
  70  5:22  Marine  
  70  5:23  Marine  
  72  5:28  Combat Shield  
  72  5:30  SCV x2  
  72  5:31  Supply Depot  
  74  5:36  Refinery  
  76  5:45  Marauder x2, Marine x2  
  76  5:48  Widow Mine x2  
  84  5:51  Medivac  
  84  5:54  Medivac  
  84  5:55  Supply Depot  
  88  6:03  Marine x2  
  90  6:08  Marauder x2  
  94  6:17  Widow Mine x2, Supply Depot  
  97  6:25  Marine x2  
  97  6:28  Medivac  
  101  6:38  Medivac, Supply Depot  
  101  6:39  Marauder x2, Supply Depot  
  106  6:43  Marine  
  106  6:48  Widow Mine x2  
  106  6:50  Marine  
  106  6:53  Command Center  
  109  7:00  Marauder x2  
  113  7:01  Marine  
  113  7:08  Marine, Terran Infantry Armor Level 1  
  115  7:13  Widow Mine x2  
  119  7:22  SCV x2  
  121  7:23  Barracks  
  121  7:25  Barracks  
  121  7:28  Marauder x2  
  120  7:30  Marine  
  120  7:31  Marine  
  120  7:36  Concussive Shells  
  119  7:37  SCV x2  
  117  7:45  Widow Mine  
  117  7:49  SCV x2  
  117  7:50  Marauder  
  112  7:51  Marine x2  
  112  7:56  Marauder  
  115  8:01  SCV x2  
  115  8:10  Orbital Command  
  115  8:13  SCV x2  
  115  8:14  Barracks Reactor, Barracks Tech Lab  
  115  8:15  Marauder  
  115  8:16  Marine  
  115  8:17  Marauder  
  115  8:18  Marine  
  123  8:25  SCV, Missile Turret  
  123  8:26  SCV  
  125  8:33  Marauder  
  125  8:35  Marine  
  125  8:36  Marine  
  125  8:37  Marauder  
  125  8:38  SCV x2  
  125  8:39  SCV  
  126  8:42  Marauder  
  126  8:44  Supply Depot x2  
  128  8:50  SCV, Marine x2  
  128  8:52  Marine  
  128  8:54  Marine  
  128  8:55  Marauder  
  135  8:58  Marauder  
  135  8:59  Refinery x2  
  135  9:01  Ghost Academy  
  137  9:03  Marauder  
  137  9:07  Supply Depot  
  137  9:09  Marine, Supply Depot  
  139  9:10  Marine  
  139  9:16  Marauder  
  140  9:19  Marauder  
  140  9:22  Marine x2  
  139  9:24  Marauder  
  139  9:27  Widow Mine x2, Marine  
  135  9:36  Marine  
  135  9:37  Marauder  
  130  9:40  Marine  
  130  9:41  Marauder  
  83  9:45  Medivac x2  
  133  9:46  Marauder  
  139  9:53  Marine x2  
  139  9:54  Marine  
  139  9:55  Widow Mine  
  139  9:56  Widow Mine  
  139  9:59  Marauder  
  148  10:02  Marauder  
  143  10:07  Marauder  
  143  10:12  Marine x2  
  143  10:13  Marine x2  
  148  10:18  Viking x2  
  148  10:20  Marauder  
  154  10:24  Enhanced Shockwaves  
  154  10:25  Widow Mine x2, SCV x2  
  154  10:26  SCV  
  160  10:28  Sensor Tower  
  160  10:32  Ghost x2  
  160  10:34  Marine x4  
  168  10:36  Command Center  
  168  10:40  Command Center  
  168  10:41  Ghost  
  163  10:52  Marine  
  163  10:53  Marine x3  
  163  10:54  Medivac  
  163  10:55  Medivac  
  166  10:58  SCV x2  
  166  11:01  Marauder x2  
  166  11:02  Engineering Bay, Armory  
  172  11:10  Marauder  
  172  11:11  SCV x2  
  173  11:14  SCV  
  168  11:20  Marine x4  
  168  11:23  SCV  
  168  11:25  Supply Depot  
  173  11:27  Supply Depot  
  173  11:29  Medivac x2  
  173  11:30  Marauder x2  
  181  11:43  SCV, Widow Mine x2, Marauder  
  188  11:51  Ghost  
  188  11:52  Marauder  
  190  11:54  Marine x2  
  190  11:58  Terran Infantry Armor Level 2, Terran Infantry Weapons Level 2  
  190  11:59  Medivac x2  
  190  12:00  Terran Ship Weapons Level 1  
  194  12:07  Marauder  
  196  12:09  Marine x2  
  196  12:14  Marauder  
  200  12:25  Barracks x2  
  200  12:28  Barracks  
  190  12:37  Marauder  
  190  12:38  Marine x3  
  190  12:41  Marauder x2  
  177  12:45  Marine  
  167  12:55  Planetary Fortress  
  167  12:56  Marine x3  
  163  12:58  Marauder  
  163  13:02  Marauder x2  
  163  13:03  Marine  
  163  13:04  SCV x2  
  165  13:07  SCV  
  160  13:13  Marine  
  160  13:16  SCV x2  
  160  13:19  SCV  
  152  13:20  Marauder  
  152  13:23  Marauder, Marine  
  152  13:24  Marauder, Marine  
  152  13:29  Marine  
  152  13:31  Marine  
  152  13:32  Barracks Reactor, Barracks Tech Lab  
  152  13:33  Barracks Tech Lab  
  156  13:41  Marauder, Marine x2  
  156  13:45  Marauder x2  
  156  13:47  Marine  
  147  13:49  Marine  
  147  13:53  Marauder x2  
  137  13:59  Marine x2  
  141  14:02  Marauder  
  141  14:05  Marine  
  141  14:06  Marauder x2  
  141  14:07  Marine  
  141  14:08  Marine x2  
  147  14:15  Marauder x2  
  151  14:23  Command Center, Ghost  
  153  14:27  Ghost x2  
  157  14:35  Marine, Ghost  
  157  14:36  Marauder  
  157  14:37  Marine x2  
  164  14:41  Marine x2  
  156  14:46  Medivac x2  
  153  14:52  Marauder  
  153  14:55  Marine x2  
  153  14:56  Marauder x2, Marine  
  153  14:58  Marauder  
  155  15:04  Ghost  
  155  15:06  Marine x3  
  160  15:14  Marauder  
  162  15:17  Marine x2  
  162  15:18  Marauder x2  
  162  15:19  Marauder  
  170  15:33  Marauder  
  170  15:35  Marauder  
  174  15:39  Marauder x2  
  174  15:40  Marauder  
  172  15:55  Marine  
Show
View Real Time Build Order
Export as new Build Order

Cyan Protoss 

Build Orders: 1 Gate Expand, Oracle Opening 

Get SALT Encoding   

  12  0:00  Probe  
  13  0:12  Probe  
  14  0:18  Pylon  
  14  0:24  Probe (Chrono Boost)  
  15  0:36  Probe (Chrono Boost)  
  15  0:39  Gateway  
  16  0:45  Probe (Chrono Boost)  
  16  0:48  Assimilator  
  17  0:51  Probe  
  18  1:03  Probe  
  19  1:15  Probe  
  20  1:26  Cybernetics Core  
  20  1:35  Nexus  
  20  1:38  Probe  
  21  1:46  Pylon  
  21  1:51  Assimilator  
  21  1:54  Probe  
  22  2:01  Adept (Chrono Boost)  
  22  2:05  Warp Gate  
  24  2:10  Shield Battery  
  24  2:13  Probe  
  25  2:22  Adept (Chrono Boost)  
  25  2:25  Probe  
  28  2:37  Probe (Chrono Boost)  
  29  2:45  Stargate  
  29  2:49  Probe (Chrono Boost)  
  31  2:55  Probe (Chrono Boost)  
  31  2:58  Probe (Chrono Boost)  
  32  3:02  Probe (Chrono Boost)  
  32  3:03  Probe (Chrono Boost)  
  34  3:13  Probe  
  34  3:15  Probe  
  34  3:18  Pylon  
  36  3:25  Oracle (Chrono Boost), Probe  
  37  3:27  Probe  
  41  3:37  Gateway  
  41  3:38  Probe, Gateway  
  41  3:39  Probe  
  43  3:44  Shield Battery  
  43  3:50  Probe  
  43  3:51  Probe  
  43  3:55  Adept  
  47  4:02  Probe  
  48  4:04  Probe, Twilight Council  
  49  4:11  Pylon  
  49  4:14  Probe, Phoenix (Chrono Boost)  
  52  4:23  Probe  
  53  4:26  Nexus  
  53  4:29  Probe  
  54  4:33  Pylon  
  54  4:35  Blink (Chrono Boost), Probe  
  55  4:45  Stalker  
  57  4:47  Assimilator  
  57  4:48  Stalker  
  57  4:51  Probe  
  60  4:54  Stalker  
  60  4:56  Probe  
  63  5:03  Probe  
  64  5:08  Probe  
  64  5:13  Forge  
  65  5:14  Pylon  
  65  5:15  Stalker, Probe  
  65  5:20  Probe  
  69  5:27  Probe (Chrono Boost)  
  70  5:35  Stalker x2, Probe (Chrono Boost)  
  71  5:37  Protoss Ground Weapons Level 1  
  71  5:38  Shield Battery, Probe (Chrono Boost)  
  71  5:42  Stalker  
  79  5:45  Probe (Chrono Boost)  
  79  5:48  Probe (Chrono Boost)  
  79  5:49  Probe (Chrono Boost)  
  81  5:52  Probe (Chrono Boost)  
  81  5:53  Probe  
  81  5:56  Gateway, Probe  
  84  6:03  Stalker x2  
  84  6:04  Probe  
  89  6:10  Gateway x2  
  89  6:14  Assimilator  
  89  6:17  Robotics Facility  
  89  6:19  Pylon, Charge (Chrono Boost)  
  89  6:20  Gateway  
  89  6:29  Gateway  
  89  6:30  Pylon  
  89  6:35  Sentry  
  89  6:40  Sentry  
  89  6:41  Zealot  
  89  6:44  Photon Cannon  
  89  6:46  Pylon, Probe  
  94  6:50  Zealot  
  90  7:04  Immortal (Chrono Boost)  
  90  7:07  Zealot x3, Stalker  
  98  7:11  Shield Battery  
  98  7:12  Pylon  
  98  7:15  Stalker x2  
  98  7:34  Stalker x4  
  90  7:45  Protoss Ground Armor Level 1 (Chrono Boost)  
  90  7:47  Stalker x2  
  94  7:53  Zealot x2  
  94  7:54  Immortal  
  102  7:59  Probe x2  
  102  8:02  Assimilator  
  102  8:04  Zealot x4  
  112  8:09  Robotics Bay  
  112  8:12  Pylon  
  112  8:13  Zealot x4  
  112  8:14  Pylon  
  112  8:16  Probe x2  
  122  8:29  Zealot  
  124  8:36  Pylon, Observer  
  124  8:37  Pylon  
  124  8:40  Zealot  
  124  8:41  Zealot x6  
  129  8:55  Stalker  
  129  8:59  Extended Thermal Lance  
  129  9:02  Gateway  
  131  9:04  Colossus (Chrono Boost), Zealot x3  
  131  9:05  Zealot x3  
  145  9:19  Zealot  
  135  9:30  Zealot x4  
  117  9:40  Stalker x3  
  123  9:47  Protoss Ground Weapons Level 2 (Chrono Boost)  
  123  9:53  Colossus  
  123  9:55  Nexus  
  123  9:57  Pylon  
  123  9:58  Templar Archives  
  123  10:07  Zealot  
  123  10:08  Zealot x2, Sentry x2  
  131  10:21  Photon Cannon  
  131  10:22  Shield Battery  
  131  10:23  Pylon  
  129  10:32  Robotics Facility, Forge  
  127  10:35  Zealot  
  127  10:36  Zealot x2, Assimilator  
  127  10:37  Zealot x3, Observer  
  139  10:44  Shield Battery  
  139  10:47  Colossus (Chrono Boost)  
  139  10:57  Zealot x4  
  139  11:00  Protoss Ground Armor Level 2 (Chrono Boost)  
  135  11:24  Zealot  
  140  11:27  Disruptor (Chrono Boost)  
  140  11:32  Disruptor (Chrono Boost)  
  138  11:34  Stalker x6  
  151  11:55  Protoss Ground Weapons Level 3 (Chrono Boost)  
  151  11:57  Disruptor  
  151  12:00  Probe  
  155  12:05  Pylon, Shield Battery, Photon Cannon  
  155  12:07  Disruptor  
  156  12:08  Zealot x2  
  156  12:09  Zealot  
  156  12:20  Sentry  
  156  12:22  Assimilator  
  154  12:23  Assimilator  
  154  12:30  Resonating Glaives  
  154  12:32  Zealot x4  
  154  12:33  Disruptor (Chrono Boost)  
  149  12:43  Zealot x4, Disruptor (Chrono Boost)  
  125  12:55  Probe  
  125  12:56  Stalker x4  
  125  12:57  Probe x2  
  124  13:00  Probe  
  114  13:06  Zealot x2, Disruptor (Chrono Boost)  
  114  13:07  Probe  
  113  13:15  Stalker x2  
  110  13:22  Zealot x4  
  111  13:32  Observer  
  112  13:34  High Templar x2  
  112  13:35  Observer  
  112  13:40  Archon  
  109  13:53  Zealot x3  
  109  13:54  Zealot x3  
  117  13:58  Disruptor x2 (Chrono Boost)  
  122  14:07  Observer  
  122  14:15  High Templar x2  
  126  14:19  Archon  
  126  14:21  Nexus  
  126  14:27  Stalker  
  126  14:28  Stalker  
  114  14:45  Stalker x2  
  114  14:49  Zealot x2  
  112  14:56  Observer  
  110  15:09  Nexus  
  110  15:15  Sentry x2  
  110  15:19  High Templar x2  
  118  15:24  Archon  
  109  15:51  Zealot x6  
  106  16:01  Zealot x2  

Tags
 
Add a new tag
Caveats
  • Supply blocks, unpowered buildings, or Contaminate may cause inaccurate times.
  • Supply counts are checked every 10 seconds.